 Dungeon Crawl Stone Soup version 0.29-a0-322-g68df515428 (webtiles) character file.

Game seed: 8155191003814028438

2 GigaChad the Firebug (level 1, 0/18 HPs)
             Began as a Human Cinder Acolyte on Apr 5, 2022.
             Was a High Priest of Ignis.
             Slain by a hobgoblin (2 damage)
             ... on level 1 of the Dungeon.
             The game lasted 00:00:22 (62 turns).

GigaChad the Firebug (Human Cinder Acolyte)           Turns: 62, Time: 00:00:23

Health: 0/18       AC:  2    Str: 14    XL:     1   Next: 33%
Magic:  2/2        EV: 11    Int: 14    God:    Ignis [*****.]
Gold:   0          SH:  0    Dex:  8    Spells: 2/2 levels left

rFire   + . .      SeeInvis .   a - -1 falchion (flame)
rCold   . . .      Faith    .   (no shield)
rNeg    . . .      Spirit   .   b - +0 robe
rPois   .          Reflect  .   (no helmet)
rElec   .          Harm     .   (no cloak)
rCorr   .          Rampage  .   (no gloves)
Will    .....                   (no boots)
Stlth   +.........              (no amulet)
HPRegen 0.06/turn               (no ring)
MPRegen 0.08/turn               (no ring)

@: no status effects
A: no striking features
a: Renounce Religion, Fiery Armour, Foxfire Swarm, Rising Flame


You were on level 1 of the Dungeon.
You worshipped Ignis.
Ignis was extremely pleased with you.
You visited 1 branch of the dungeon, and saw 1 of its levels.

Inventory:

Hand Weapons
 a - a -1 falchion of flaming (weapon)
Armour
 b - a +0 robe (worn)


   Skills:
 + Level 3.0 Fighting
 + Level 3.0 Long Blades
 + Level 1.0 Spellcasting
 + Level 3.1 Fire Magic


You had 2 spell levels left.
You didn't know any spells.
Your spell library contained the following spells:

 Spells                   Type           Power      Damage    Failure   Level
 Scorch                   Fire           18%        2d5       11%         2


Dungeon Overview and Level Annotations

Branches:
Dungeon (1/15)

Altars:


Message History

You barely miss the kobold. The quokka closely misses you.
The kobold misses you.
You barely miss the kobold. The quokka barely misses you.
The kobold misses you. The quokka barely misses you.
You closely miss the kobold.
The kobold hits you with a +0 short sword.
The quokka twitches its whiskers.
The quokka bites you.
You closely miss the kobold. The quokka barely misses you.
The kobold hits you with a +0 short sword.
You barely miss the kobold. The quokka closely misses you.
The kobold barely misses you.
You barely miss the kobold. The quokka closely misses you.
The kobold hits you but does no damage. The quokka bites you.
You hit the kobold. You burn the kobold.
You kill the kobold!
The quokka barely misses you. The quokka bites you. x2
Things that are here:
a +0 short sword; 2 stones You barely miss the quokka.
The quokka barely misses you.
You hit the quokka. You burn the quokka.
You kill the quokka!
Found 9 gold pieces.
Things that are here:
a +0 short sword; 2 stones A bat comes into view.
A hobgoblin comes into view.
The hobgoblin shouts!
The bat barely misses you. The hobgoblin barely misses you.
The bat hits you. x2; The hobgoblin hits you.
* * * LOW HITPOINT WARNING * * *
You barely miss the hobgoblin. The bat completely misses you.
The hobgoblin hits you.
* * * LOW HITPOINT WARNING * * *
You barely miss the hobgoblin. The bat barely misses you.
The hobgoblin closely misses you.
You hit the hobgoblin. You burn the hobgoblin.
The hobgoblin is heavily wounded.
The bat barely misses you. The hobgoblin hits you.
You die...

#.# #.# #.####
#....##
######...##
..$.......##
####.......######
#.....)........#
#.#....@..#.....
......?..gb##.##.#
#........[.....#
###...###.#.####
#... ###... .....
..... ..... $.....
... .....


You could see a hobgoblin and a bat.

Vanquished Creatures
  A quokka (D:1)
  A kobold (D:1)
2 creatures vanquished.

Notes
Turn   | Place    | Note
-------+----------+-------------------------------------------
     0 | D:1      | GigaChad the Human Cinder Acolyte began the quest for the
                  | Orb.
     0 | D:1      | Reached XP level 1. HP: 18/18 MP: 2/2
    62 | D:1      | Slain by a hobgoblin

Illustrated notes

Levels and vault maps discovered:
D:1:      ncdulo_smallfort, layout_loops_cross

Action                   || total
-------------------------++-------
Melee: Falchion          ||    12
Armor: Robe              ||     2
Dodge: Dodged            ||    18

Table legend: (Time is in decaauts)
 A = Elapsed time spent in this place.
 B = Non-inter-level travel time spent in this place.
 C = Inter-level travel time spent in this place.
 D = Time resting spent in this place.
 E = Time spent auto-exploring this place.
 F = Levels seen in this place.
 G = Mean time per level.
                   A        B        C        D        E       F      G
               +--------+--------+--------+--------+--------+-----+--------+
         Total |     63 |     63 |      0 |      0 |      0 |   1 |   63.0 |
       Dungeon |     63 |     63 |      0 |      0 |      0 |   1 |   63.0 |
               +--------+--------+--------+--------+--------+-----+--------+

Top non-repeatable levels by time:
     D:1: 63 daAuts
